 Dungeon Crawl Stone Soup version 0.29-a0-375-g5102b3be25 (webtiles) character file.

Game seed: 16541657143249360111

191 pokeman the Magician (level 5, -1/29 HPs)
             Began as a Deep Elf Hedge Wizard on May 3, 2022.
             Slain by an orc
             ... wielding the +8 mace of Makhleb's Regard {vorpal, rF+}
              (4 damage)
             ... on level 3 of the Dungeon.
             The game lasted 00:08:55 (2947 turns).

pokeman the Magician (Deep Elf Hedge Wizard)        Turns: 2947, Time: 00:08:56

Health: -1/29      AC:  5    Str:  5    XL:     5   Next: 42%
Magic:  2/15       EV: 12    Int: 21    God:
Gold:   74         SH:  0    Dex: 18    Spells: 5/16 levels left

rFire   . . .      SeeInvis .   f - +2 whip (elec)
rCold   . . .      Faith    .   (no shield)
rNeg    . . .      Spirit   .   s - +2 leather armour of Fuzzy Freedom {rElec Will+++ Str-2 Dex-2}
rPois   .          Reflect  .   c - +0 hat
rElec   +          Harm     .   (no cloak)
rCorr   .          Rampage  .   (no gloves)
Will    +++..                   (no boots)
Stlth   ++........              (no amulet)
HPRegen 0.09/turn               n - +6 ring of dexterity
MPRegen 0.14/turn               (no ring)

@: on blink cooldown, very slightly contaminated
A: no striking features
a: no special abilities


You were on level 3 of the Dungeon.
You visited 1 branch of the dungeon, and saw 3 of its levels.

You collected 172 gold pieces.
You spent 98 gold pieces at shops.

Inventory:

Hand Weapons
 f - a +2 whip of electrocution (weapon)
Armour
 c - a +0 hat (worn)
 s - the +2 leather armour of Fuzzy Freedom (worn) {rElec Will+++ Str-2 Dex-2}
   (You found it on level 3 of the Dungeon)

   Str:       It affects your strength (-2).
   Dex:       It affects your dexterity (-2).
   rElec:     It insulates you from electricity.
   Will:      It greatly increases your willpower.
Magical Staves
 q - a staff of cold
Jewellery
 n - a +6 ring of dexterity (left hand)
Scrolls
 a - 7 scrolls of identify
 e - 5 scrolls of teleportation
 g - a scroll of fear {unknown}
 h - a scroll of amnesia {unknown}
 k - a scroll of immolation {unknown}
 l - a scroll of fog
 o - 2 scrolls of vulnerability {unknown}
 p - a scroll of silence {unknown}
 t - a scroll of magic mapping {unknown}
Potions
 b - 2 potions of mutation {unknown}
 d - a potion of magic
 i - 2 potions of curing {unknown}
 j - a potion of brilliance {unknown}
 m - a potion of haste {unknown}
 r - a potion of resistance {unknown}


   Skills:
 - Level 1.0 Fighting
 - Level 1.0 Armour
 - Level 3.0 Dodging
 + Level 2.6 Stealth
 * Level 6.3 Spellcasting
 + Level 2.6 Conjurations
 - Level 1.1 Summonings
 - Level 1.1 Translocations
 - Level 1.1 Fire Magic
 + Level 0.9 Ice Magic


You had 5 spell levels left.
You knew the following spells:

 Your Spells              Type           Power      Damage    Failure   Level
a - Magic Dart            Conj           68%        1d6       4%          1
b - Mephitic Cloud        Conj/Pois/Air  10%        N/A       32%         3
c - Call Imp              Summ           11%        N/A       14%         2
d - Blink                 Tloc           22%        N/A       14%         2
e - Conjure Flame         Conj/Fire      14%        6-21      21%         3

Your spell library contained the following spells:

 Spells                   Type           Power      Damage    Failure   Level
 Apportation              Tloc           22%        N/A       10%         1
 Summon Small Mammal      Summ           44%        N/A       10%         1
 Animate Skeleton         Necr           12%        N/A       16%         1
 Pain                     Necr           24%        1d5       16%         1
 Slow                     Hex            24%        N/A       16%         1
 Ensorcelled Hibernation  Hex/Ice        16%        N/A       19%         2
 Spider Form              Tmut/Pois      6%         N/A       41%         3
 Vampiric Draining        Necr           6%         2d6       41%         3
 Anguish                  Hex/Necr       3%         N/A       83%         4


Dungeon Overview and Level Annotations

Branches:
Dungeon (3/15)

Altars:

Shops:
D:2 ?


Message History

Confirm with . or Enter, or press ? or * to list all spells.
The spell is extremely dangerous to miscast (32% risk of failure)!
Continue anyway?
Aiming: Mephitic Cloud (extremely dangerous; 32% risk of failure)
Press: ? - help, Shift-Dir - straight line, f/p - orc wizard
Aim: an orc wizard, wielding a +0 hand axe and wearing a +0 robe (chance to affect: 86%)
The ball explodes into a vile cloud!
The stinking cloud engulfs the orc but does no damage.
The stinking cloud engulfs the orc wizard but does no damage.
You hear a shout! x9
The orc is engulfed in noxious fumes.
The orc appears confused.
The orc wizard is engulfed in noxious fumes.
The orc wizard appears confused.
Unknown command.
Unknown command.
You hit the orc but do no damage.
The orc is engulfed in noxious fumes.
The orc appears confused.
The orc barely misses the orc.
You hit the orc.
The orc is severely wounded.
A hobgoblin comes into view.
The orc hits you with the +8 mace of Makhleb's Regard {vorpal, rF+}!
* * * LOW HITPOINT WARNING * * *
The orc is engulfed in noxious fumes.
The orc appears confused.
The orc hits you with a +0 club.
* * * LOW HITPOINT WARNING * * *
The orc wizard is engulfed in noxious fumes.
The orc attacks as you move away! The orc misses you.
The orc is engulfed in noxious fumes.
The orc appears confused.
Things that are here:
a +0 dagger; a +0 robe The orc attacks as you move away!
The orc hits you with the +8 mace of Makhleb's Regard {vorpal, rF+}.
* * * LOW HITPOINT WARNING * * *
x2
Things that are here:
a +0 falchion; a +0 ring mail
Casting: Mephitic Cloud (extremely dangerous; 32% risk of failure)
Confirm with . or Enter, or press ? or * to list all spells.
You blink.
The orc attacks as you move away!
The orc hits you with the +8 mace of Makhleb's Regard {vorpal, rF+}.
You die...

#.####.....#.#....
#.##.....#.#.#.#..
#.##.###...###...#
#.##.# ###.....###
#.##.# #..#..#
#ยง##.#####.....#
#)##.............
..#####o...#####.#.#.##
.....))@##.# #.....#
.....##.##.# ....


og.... ... ##.##..8 .. ..##8... . ####.8.P. #.P..## You could see 2 orcs and a
hobgoblin.

Vanquished Creatures
  A hound (D:3)
  Jessica (D:3)
  Terence (D:3)
  An adder (D:2)
  A white imp (D:3)
  2 worms (D:2)
  4 dart slugs
  4 orcs (D:3)
  6 ball pythons
  4 bats
  3 endoplasms
  7 giant cockroaches
  11 goblins
  5 hobgoblins
  2 jackals (D:2)
  4 quokkas
  A ball python skeleton (D:3)
  4 frilled lizards
  8 kobolds
  3 rats
73 creatures vanquished.

Vanquished Creatures (others)
  A withered plant (D:3)
1 creature vanquished.

Grand Total: 74 creatures vanquished

Notes
Turn   | Place    | Note
-------+----------+-------------------------------------------
     0 | D:1      | pokeman the Deep Elf Hedge Wizard began the quest for the
                  | Orb.
     0 | D:1      | Reached XP level 1. HP: 10/10 MP: 7/7
   169 | D:1      | Reached XP level 2. HP: 16/16 MP: 5/9
   520 | D:1      | Reached skill level 5 in Spellcasting
   718 | D:1      | Reached XP level 3. HP: 20/20 MP: 8/11
   722 | D:1      | Learned a level 3 spell: Mephitic Cloud
   725 | D:1      | Learned a level 2 spell: Call Imp
   728 | D:1      | Learned a level 2 spell: Blink
   732 | D:1      | Learned a level 3 spell: Conjure Flame
  1040 | D:2      | Upgraded the game from 0.29-a0-371-g91724d5b39 to
                  | 0.29-a0-375-g5102b3be25
  1281 | D:2      | Reached skill level 1 in Fighting
  1327 | D:2      | Found Wopietz's Magic Scroll Boutique.
  1353 | D:2      | Reached skill level 1 in Armour
  1484 | D:2      | Bought a scroll of teleportation for 42 gold pieces
  1484 | D:2      | Bought a scroll of identify for 28 gold pieces
  1484 | D:2      | Bought a scroll of fog for 28 gold pieces
  1663 | D:2      | Reached XP level 4. HP: 24/25 MP: 7/13
  2518 | D:3      | Reached skill level 1 in Fire Magic
  2526 | D:3      | Reached skill level 6 in Spellcasting
  2702 | D:3      | Reached XP level 5. HP: 29/29 MP: 11/15
  2743 | D:3      | Identified the +2 leather armour of Fuzzy Freedom {rElec
                  | Will+++ Str-2 Dex-2}
  2799 | D:3      | Noticed Terence
  2809 | D:3      | Killed Terence
  2866 | D:3      | Noticed Jessica
  2871 | D:3      | Killed Jessica
  2933 | D:3      | Identified the +8 mace of Makhleb's Regard {vorpal, rF+}
  2947 | D:3      | Slain by an orc

Illustrated notes

Levels and vault maps discovered:
D:1:      amcnicky_arrival_single_pillar, layout_rooms
D:2:      minmay_door_path, layout_basic, serial_shops,
          nicolae_shop_hallway_stairs, minmay_fractal_squares_gapless_5
D:3:      layout_loops_ring, serial_undead, serial_undead_c, serial_undead_c,
          serial_undead_b, serial_undead_c,
          shapermc_ecumenical_altar_totnotflames, minmay_fractal_squares_5,
          uniq_terence, uniq_robin, uniq_jessica, uniq_crazy_yiuf_cottage

Skill      XL: |  1  2  3  4  5 |
---------------+----------------+-----
Spellcasting   | 5 6 |  6.3
Fighting       | 1 |  1.0
Armour         | 1 |  1.0
Conjurations   | 2 |  2.6
Fire Magic     | 1 |  1.1
Dodging        | 3 |  3.0
Stealth        | |  2.6
Summonings     | |  1.1
Translocations | |  1.1
Ice Magic      | |  0.9

Action                   |  1- 3 |  4- 6 || total
-------------------------+-------+-------++-------
Melee: Whip              |    19 |    14 ||    33
       Dagger            |     1 |       ||     1
 Cast: Magic Dart        |   117 |    70 ||   187
       Mephitic Cloud    |       |     3 ||     3
       Conjure Flame     |       |     2 ||     2
       Call Imp          |       |     1 ||     1
       Blink             |       |     1 ||     1
 Stab: Confused          |       |     1 ||     1
Armor: Robe              |     7 |       ||     7
       Leather armour    |       |     2 ||     2
Dodge: Dodged            |    21 |    12 ||    33

Table legend: (Time is in decaauts)
 A = Elapsed time spent in this place.
 B = Non-inter-level travel time spent in this place.
 C = Inter-level travel time spent in this place.
 D = Time resting spent in this place.
 E = Time spent auto-exploring this place.
 F = Levels seen in this place.
 G = Mean time per level.
                   A        B        C        D        E       F      G
               +--------+--------+--------+--------+--------+-----+--------+
         Total |   2948 |   2926 |     22 |    149 |   2305 |   3 |  982.7 |
       Dungeon |   2948 |   2926 |     22 |    149 |   2305 |   3 |  982.7 |
               +--------+--------+--------+--------+--------+-----+--------+

Top non-repeatable levels by time:
     D:2: 1396 daAuts
     D:1: 1039 daAuts
     D:3: 512 daAuts
